 Dungeon Crawl Stone Soup version 0.31-a0-851-g7ff8af7976 (webtiles) character file.

Game seed: 2647454222495373863

644 ipx the Chopper (level 7, -1/35 HPs)
             Began as a Vine Stalker Fighter on Oct 6, 2023.
             Was a Follower of Makhleb.
             Slain by a wraith (9 damage)
             ... in an ossuary.
             The game lasted 00:19:03 (1739 turns).

ipx the Chopper (Vine Stalker Fighter)              Turns: 1739, Time: 00:19:03

Health: -1/35      AC:  9    Str: 21    XL:     7   Next: 52%
Magic:  0/8        EV:  7    Int:  8    God:    Makhleb [*.....]
Gold:   186        SH:  4    Dex: 13    Spells: 6/6 levels left

rFire   . . .        a - +0 war axe
rCold   . . .        c - +0 buckler
rNeg    . . .        k - +0 chain mail
rPois   .            (no helmet)
rElec   .            h - +0 cloak
rCorr   .            (no gloves)
SInv    .            (no boots)
Will    .....        (no amulet) Stlth
                     (no ring)
HPRegen 1.05/turn    (no ring)
MPRegen 0.11/turn

%: guardian spirit
@: slowed, very slow
A: fangs 2, regeneration 1, magic shield, antimagic bite, no potion heal 2
a: Renounce Religion


You were in an ossuary.
You worshipped Makhleb.
Makhleb was aware of your devotion.
You visited 1 branch of the dungeon, and saw 7 of its levels.
You also visited: Ossuary.

You collected 186 gold pieces.

Inventory:

Hand Weapons
 a - a +0 war axe (weapon)
 b - a +0 morningstar
Missiles
 l - 3 poisoned darts (quivered)
Armour
 c - a +0 buckler (worn)
 h - a +0 cloak (worn)
 k - a +0 chain mail (worn)
Wands
 n - a wand of digging (3)
Scrolls
 f - 3 scrolls of teleportation
 j - a scroll of revelation
 m - a scroll of amnesia {unknown}
 o - a scroll of noise {unknown}
 p - a scroll of immolation {unknown}
Potions
 d - a potion of lignification {unknown}
 e - 3 potions of curing
 g - 2 potions of mutation {unknown}
 i - a potion of brilliance {unknown}
 q - 2 potions of attraction {unknown}
 r - 2 potions of heal wounds {unknown}
 s - a potion of might


   Skills:
 - Level 2.6 Fighting
 + Level 7.5 Axes
 - Level 2.4 Armour
 - Level 2.6 Shields


You had 6 spell levels left.
You didn't know any spells.
Your spell library was empty.

Dungeon Overview and Level Annotations

Branches:
Dungeon (7/15)             Temple (0/1) D:4         Ossuary (1/1)

Altars:
Hepliaklqana
Makhleb
Trog
Yredelemnul

Shops:
D:4 ([(*

Annotations:
D:1 exclusion: downstairs
D:4 exclusion: downstairs


Innate Abilities, Weirdness & Mutations

You have extremely sharp teeth.
Your natural rate of healing is unusually fast.
When hurt, damage is shared between your health and your magic reserves.
Your bite disrupts and absorbs the magic of your enemies.
Potions cannot restore your health.


Message History

The wraith barely misses you. The wraith hits you!
You hit the wraith but do no damage.
The wraith is heavily damaged.
The wraith hits you!
* * * LOW HITPOINT WARNING * * *
The wraith drains your vigour!
You feel as though you will be slow longer.
The wraith closely misses you.
You completely miss the wraith. You bite the wraith, but do no damage.
The wraith is heavily damaged.
The wraith closely misses you. x2
You barely miss the wraith.
The wraith is heavily damaged.
The wraith barely misses you.
You closely miss the wraith.
The wraith is heavily damaged.
The wraith hits you but does no damage. x2
You barely miss the wraith. Your bite misses the wraith.
The wraith is heavily damaged.
The wraith hits you. The wraith drains your vigour!
You feel as though you will be slow longer.
The wraith hits you but does no damage.
Press: ? - help, v - describe, . - travel
Here: a wraith (heavily damaged)
An open door.
Unknown command.
Unknown command.
You slash the wraith! You bite the wraith, but do no damage.
The wraith is almost destroyed.
You block the wraith's attack. The wraith hits you!
* * * LOW HITPOINT WARNING * * *
The wraith drains your vigour!
You feel as though you will be slow longer.
You barely miss the wraith. You bite the wraith, but do no damage.
The wraith is almost destroyed.
The wraith hits you but does no damage.
You hit the wraith but do no damage.
The wraith is almost destroyed.
The wraith hits you!
You die...

... #..# #. #...
#..#+#..## #..#.#...
......... #.......####
#...8...@W!# .#
#.......####..#
#.............# ..
..............# .#
..####..####..# .#
...8... #...'.# .#
.####.....####..####..#
......................#
......# #.............#


You could see a wraith.

Vanquished Creatures
  A black bear (D:5)
  2 centaurs (D:5)
  3 iron imps (D:3)
  A hound (D:5)
  An orc priest (D:4)
  2 iguanas (D:5)
  A sleepcap (D:5)
  An orc wizard (D:4)
  A mummy (Ossuary)
  2 gnolls
  5 adders
  A white imp (D:3)
  A worm (D:5)
  3 orcs (D:4)
  5 bats
  An endoplasm (D:2)
  A giant cockroach (D:3)
  A gnoll zombie (Ossuary)
  2 goblins
  5 hobgoblins
  4 jackals
  4 kobolds
  2 quokkas
  9 ball pythons
  A frilled lizard (D:3)
  4 goblin zombies (Ossuary)
  3 hobgoblin zombies (Ossuary)
  2 kobold zombies (Ossuary)
  3 rats
72 creatures vanquished.

Notes
Turn   | Place    | Note
-------+----------+-------------------------------------------
     0 | D:1      | ipx the Vine Stalker Fighter began the quest for the Orb.
     0 | D:1      | Reached XP level 1. HP: 11/11 MP: 2/2
    26 | D:1      | Reached skill level 2 in Axes
   112 | D:1      | Reached XP level 2. HP: 15/16 MP: 3/3
   192 | D:1      | Reached skill level 3 in Axes
   204 | D:2      | Reached XP level 3. HP: 19/19 MP: 4/4
   359 | D:3      | Reached XP level 4. HP: 16/23 MP: 5/5
   386 | D:3      | Reached skill level 4 in Axes
   459 | D:3      | Found a basalt altar of Yredelemnul.
   470 | D:3      | Found a faded altar of an unknown god.
   513 | D:3      | Found a burning altar of Makhleb.
   533 | D:3      | Reached XP level 5. HP: 27/27 MP: 4/6
   540 | D:3      | Reached skill level 5 in Axes
   547 | D:3      | Became a worshipper of Makhleb the Destroyer
   628 | D:5      | Entered Level 5 of the Dungeon
   653 | D:4      | Found Emo Ahech's Weapon Shoppe.
   678 | D:4      | Found Duthroma's Antique Weapon Boutique.
   686 | D:4      | Found Zidizxa's General Store.
   706 | D:4      | Found Yrebitost's Armour Shop.
   768 | D:4      | Reached XP level 6. HP: 32/32 MP: 5/7
   939 | D:4      | Found a staircase to the Ecumenical Temple.
  1027 | D:4      | Found a hazy altar of Hepliaklqana.
  1218 | D:5      | Reached skill level 6 in Axes
  1335 | D:5      | Reached XP level 7. HP: 27/35 MP: 6/8
  1361 | D:5      | Reached skill level 7 in Axes
  1445 | D:5      | Found a bloodstained altar of Trog.
  1595 | D:7      | Found a sand-covered staircase.
  1610 | Ossuary  | Entered an ossuary
  1610 | Ossuary  | Noticed a wraith
  1610 | Ossuary  | Noticed a wraith
  1610 | Ossuary  | Noticed a wraith
  1711 | Ossuary  | Reached * piety under Makhleb
  1722 | Ossuary  | Noticed a wraith
  1739 | Ossuary  | Slain by a wraith

Illustrated notes

Levels and vault maps discovered:
D:1:      lemuel_arrival_behind_the_door_small, layout_basic
D:2:      layout_rooms
D:3:      layout_basic, yredelemnul_altar_generic, demons_altar,
          nicolae_ecumenical_snake_handling,
          hangedman_abyss_or_decor_lesser_grid
D:4:      layout_layer_cave, nzn_hepliaklqana_mist_gate,
          minmay_temple_entry_proselytizer, serial_shops, shop,
          nicolae_shop_rolling_square, shop, nicolae_shop_real_fake_doors,
          minmay_cupped
D:5:      layout_basic, cheibrodos_ashenzari_chains,
          mainiacjoe_overflow_small_starburst
D:6:      layout_loops_ring
D:7:      layout_basic, nicolae_ossuary_entry_false_entrances
Ossuary:  ossuary_kennysheep_city_of_the_dead

Skill      XL: |  1  2  3  4  5  6  7 |
---------------+----------------------+-----
Axes           | 2 3 4 5 6 7 |  7.5
Fighting       | |  2.6
Armour         | |  2.4
Shields        | |  2.6

Action                     |  1- 3 |  4- 6 |  7- 9 || total
---------------------------+-------+-------+-------++-------
  Melee: War axe           |    72 |   101 |    51 ||   224
         Bite              |    13 |    23 |    16 ||    52
  Throw: Dart              |       |     2 |       ||     2
    Use: Potion            |     1 |       |       ||     1
         Scroll            |       |     3 |       ||     3
 Armour: Scale mail        |    50 |    54 |       ||   104
         Chain mail        |       |    38 |    45 ||    83
  Dodge: Dodged            |    43 |    39 |    12 ||    94
  Block: Buckler           |    13 |    28 |     9 ||    50

Table legend: (Time is in decaauts)
 A = Elapsed time spent in this place.
 B = Non-inter-level travel time spent in this place.
 C = Inter-level travel time spent in this place.
 D = Time resting spent in this place.
 E = Time spent auto-exploring this place.
 F = Levels seen in this place.
 G = Mean time per level.
                   A        B        C        D        E       F      G
               +--------+--------+--------+--------+--------+-----+--------+
         Total |   1813 |   1744 |     69 |      0 |      0 |   8 |  226.6 |
       Dungeon |   1671 |   1602 |     69 |      0 |      0 |   7 |  238.7 |
       Ossuary |    142 |    142 |      0 |      0 |      0 |   1 |  142.0 |
               +--------+--------+--------+--------+--------+-----+--------+

Top non-repeatable levels by time:
     D:4: 504 daAuts
     D:3: 347 daAuts
     D:5: 304 daAuts
     D:1: 208 daAuts
     D:2: 155 daAuts
 Ossuary: 142 daAuts
     D:7: 112 daAuts
     D:6: 36 daAuts
